TOP OF THE 1ST |
Cincinnati Reds batting - Pitching for Philadelphia Phillies : LHP Jon Matlack
|
Pitching: LHP Jon Matlack
|
|
Batting: RHB Nick Deurloo
|
0-0: Foul Ball, location: 2F 0-1: Ball 1-1: Called Strike 1-2: SINGLE (Line Drive, 8LS, EV 109.4 MPH)
|
Batting: SHB Julio Estrada
|
0-0: Called Strike 0-1: Ball 1-1: Ball 2-1: Ball 3-1: Base on Balls Nick Deurloo to second
|
Batting: RHB Gary Matthews
|
0-0: Ball 1-0: Called Strike 1-1: Foul Ball, location: 2F 1-2: Ball 2-2: Ball 3-2: Foul Ball, location: 2F 3-2: Base on Balls Nick Deurloo to third Julio Estrada to second
|
Batting: RHB Bill Melton
|
0-0: Foul Ball, location: 2F 0-1: Ball 1-1: SINGLE (Line Drive, 4D, EV 100.0 MPH) Nick Deurloo scores Julio Estrada to third Gary Matthews to second Runner from 3rd tries for Home, SAFE, throw by RF to home
|
Batting: RHB Johnny Bench
|
0-0: Called Strike 0-1: Swinging Strike 0-2: Ball 1-2: Foul Ball, location: 2F 1-2: Foul Ball, location: 2F 1-2: Ball 2-2: SINGLE (Groundball, 56D, EV 104.4 MPH) Gary Matthews to third Bill Melton to second Runner from 3rd tries for Home, SAFE, throw by LF to home
|
Batting: LHB Darrell Evans
|
0-0: Ball 1-0: Ball 2-0: Called Strike 2-1: Swinging Strike 2-2: Foul Ball, location: 2F 2-2: Ball 3-2: Grounds into double play, 6-4-3 (Groundball, 6D, EV 99.4 MPH) Bill Melton to third
|
Batting: LHB Joseph Talley
|
0-0: Foul Ball, location: 2F 0-1: Ball 1-1: SINGLE (Line Drive, 7LM, EV 88.1 MPH) Bill Melton scores
|
Batting: RHB Ramon Borrero
|
0-0: Ball 1-0: Ball 2-0: Ball 3-0: Called Strike 3-1: Called Strike 3-2: Strikes out looking
|
Top of the 1st over - 4 runs, 4 hits, 0 errors, 1 left on base; Cincinnati 4 - Philadelphia 0 |
BOTTOM OF THE 1ST |
Philadelphia Phillies batting - Pitching for Cincinnati Reds : RHP Steve Brown
|
Pitching: RHP Steve Brown
|
|
Batting: RHB Andy Ramirez
|
0-0: Called Strike 0-1: Ground out 5-3 (Groundball, 56S, EV 61.3 MPH)
|
Batting: RHB Paul Molitor
|
0-0: Foul Ball, location: 2F 0-1: Foul Ball, location: 2F 0-2: Ball 1-2: Ground out 6-3 (Groundball, 6, EV 81.9 MPH)
|
Batting: LHB Tony Gwynn
|
0-0: Ball 1-0: Ball 2-0: Reached on error, E6 (Groundball, 56D, EV 100.0 MPH)
|
Batting: LHB Ken Phelps
|
0-0: Called Strike 0-1: Ball 1-1: Foul Ball, location: 2F 1-2: Ball 2-2: Strikes out swinging
|
Bottom of the 1st over - 0 runs, 0 hits, 1 error, 1 left on base; Cincinnati 4 - Philadelphia 0 |
TOP OF THE 2ND |
Cincinnati Reds batting - Pitching for Philadelphia Phillies : LHP Jon Matlack
|
Batting: LHB Steve Brown
|
0-0: Ball 1-0: SINGLE (Line Drive, 89M, EV 107.5 MPH)
|
Batting: RHB Nick Deurloo
|
0-0: Ball 1-0: Fly out, F9 (Flyball, 9LM, EV 88.8 MPH)
|
Batting: SHB Julio Estrada
|
0-0: Ball 1-0: Ball 2-0: Grounds into double play, 4-6-3 (Groundball, 4, EV 108.1 MPH)
|
Top of the 2nd over - 0 runs, 1 hit, 0 errors, 0 left on base; Cincinnati 4 - Philadelphia 0 |
BOTTOM OF THE 2ND |
Philadelphia Phillies batting - Pitching for Cincinnati Reds : RHP Steve Brown
|
Batting: LHB Ty Gainey
|
0-0: Ground out 4-3 (Groundball, 4, EV 78.1 MPH)
|
Batting: RHB Jody Davis
|
0-0: Called Strike 0-1: Ball 1-1: Swinging Strike 1-2: Foul Ball, location: 2F 1-2: Foul Ball, location: 2F 1-2: Strikes out looking
|
Batting: RHB Dan Thomas
|
0-0: Swinging Strike 0-1: Swinging Strike 0-2: Ball 1-2: Strikes out swinging
|
Bottom of the 2nd over - 0 runs, 0 hits, 0 errors, 0 left on base; Cincinnati 4 - Philadelphia 0 |
TOP OF THE 3RD |
Cincinnati Reds batting - Pitching for Philadelphia Phillies : LHP Jon Matlack
|
Batting: RHB Gary Matthews
|
0-0: Ball 1-0: Fly out, F8 (Line Drive, 8RD, EV 100.6 MPH)
|
Batting: RHB Bill Melton
|
0-0: Fly out, F4 (Popup, 4M, EV 61.3 MPH)
|
Batting: RHB Johnny Bench
|
0-0: Ball 1-0: Called Strike 1-1: Foul Ball, location: 2F 1-2: Foul Ball, location: 2F 1-2: Foul Ball, location: 2F 1-2: Strikes out swinging
|
Top of the 3rd over - 0 runs, 0 hits, 0 errors, 0 left on base; Cincinnati 4 - Philadelphia 0 |
BOTTOM OF THE 3RD |
Philadelphia Phillies batting - Pitching for Cincinnati Reds : RHP Steve Brown
|
Batting: LHB Rick Lancellotti
|
0-0: Ground out U3 (Groundball, 3, EV 80.6 MPH)
|
Batting: LHB Jon Matlack
|
0-0: Called Strike 0-1: Ball 1-1: Called Strike 1-2: Foul Ball, location: 2F 1-2: Strikes out swinging
|
Batting: RHB Andy Ramirez
|
0-0: Called Strike 0-1: Ball 1-1: Ball 2-1: Foul Ball, location: 2F 2-2: Ground out 4-3 (Groundball, 4D, EV 78.1 MPH)
|
Bottom of the 3rd over - 0 runs, 0 hits, 0 errors, 0 left on base; Cincinnati 4 - Philadelphia 0 |
TOP OF THE 4TH |
Cincinnati Reds batting - Pitching for Philadelphia Phillies : LHP Jon Matlack
|
Batting: LHB Darrell Evans
|
0-0: Called Strike 0-1: Foul Ball, location: 2F 0-2: Ball 1-2: Ball 2-2: Fly out, F9 (Flyball, 9LD, EV 92.5 MPH)
|
Batting: LHB Joseph Talley
|
0-0: Ball 1-0: Foul Ball, location: 2F 1-1: Ball 2-1: Ball 3-1: SOLO HOME RUN (Flyball, 89XD, EV 95.0 MPH) (Inside the Park)
|
Pitching: RHP Tony Villa
|
|
Batting: RHB Ramon Borrero
|
0-0: Ball 1-0: Foul Ball, location: 2F 1-1: Called Strike 1-2: Foul Ball, location: 2F 1-2: Ground out 4-3 (Groundball, 4M, EV 91.9 MPH)
|
Batting: LHB Steve Brown
|
0-0: Swinging Strike 0-1: Ball 1-1: Ball 2-1: Swinging Strike 2-2: Foul Ball, location: 2F 2-2: Ball 3-2: Strikes out swinging
|
Top of the 4th over - 1 run, 1 hit, 0 errors, 0 left on base; Cincinnati 5 - Philadelphia 0 |
BOTTOM OF THE 4TH |
Philadelphia Phillies batting - Pitching for Cincinnati Reds : RHP Steve Brown
|
Batting: RHB Paul Molitor
|
0-0: Ball 1-0: Foul Ball, location: 2F 1-1: Called Strike 1-2: Foul Ball, location: 2F 1-2: Ball 2-2: Ball 3-2: Ground out 6-3 (Groundball, 6M, EV 86.9 MPH)
|
Pitching: LHP Pat Underwood
|
|
Batting: LHB Tony Gwynn
|
0-0: Called Strike 0-1: SINGLE (Line Drive, 7S, EV 88.1 MPH)
|
Batting: LHB Ken Phelps
|
0-0: Ball 1-0: Called Strike 1-1: Foul Ball, location: 2F 1-2: Foul Ball, location: 2F 1-2: Foul Ball, location: 2F 1-2: Ground out U3 (Groundball, 23, EV 90.0 MPH) Tony Gwynn to second
|
Batting: LHB Ty Gainey
|
0-0: Foul Ball, location: 2F 0-1: Ball 1-1: Ball Wild Pitch! Tony Gwynn to third 2-1: Fly out, F8 (Flyball, 8LD, EV 104.4 MPH)
|
Bottom of the 4th over - 0 runs, 1 hit, 0 errors, 1 left on base; Cincinnati 5 - Philadelphia 0 |
TOP OF THE 5TH |
Cincinnati Reds batting - Pitching for Philadelphia Phillies : RHP Tony Villa
|
Batting: RHB Nick Deurloo
|
0-0: Ball 1-0: Foul Ball, location: 2F 1-1: Foul Ball, location: 2F 1-2: SINGLE (Flyball, 89S, EV 97.5 MPH)
|
Batting: SHB Julio Estrada
|
0-0: Ball 1-0: Foul Ball, location: 2F 1-1: Foul Ball, location: 2F 1-2: Ball Nick Deurloo steals 2nd, throwing error, E2 Nick Deurloo to third 2-2: Ball 3-2: Fly out, F5 (Popup, 5SF, EV 78.8 MPH)
|
Batting: RHB Gary Matthews
|
0-0: Foul Ball, location: 2F 0-1: Swinging Strike 0-2: Ball 1-2: Strikes out swinging
|
Batting: RHB Bill Melton
|
0-0: Foul Ball, location: 2F 0-1: Ball 1-1: Called Strike 1-2: Strikes out looking
|
Top of the 5th over - 0 runs, 1 hit, 1 error, 1 left on base; Cincinnati 5 - Philadelphia 0 |
BOTTOM OF THE 5TH |
Philadelphia Phillies batting - Pitching for Cincinnati Reds : LHP Pat Underwood
|
Batting: RHB Jody Davis
|
0-0: Ball 1-0: Swinging Strike 1-1: Foul Ball, location: 2F 1-2: Foul Ball, location: 2F 1-2: Fly out, F8 (Flyball, 78D, EV 91.9 MPH)
|
Batting: RHB Dan Thomas
|
0-0: Swinging Strike 0-1: Ball 1-1: Ball 2-1: Swinging Strike 2-2: Fly out, F8 (Line Drive, 8LM, EV 92.5 MPH)
|
Batting: LHB Rick Lancellotti
|
0-0: Swinging Strike 0-1: Ball 1-1: Ball 2-1: Called Strike 2-2: Foul Ball, location: 2F 2-2: Foul Ball, location: 2F 2-2: Ball 3-2: Fly out, F9 (Flyball, 9D, EV 103.8 MPH)
|
Bottom of the 5th over - 0 runs, 0 hits, 0 errors, 0 left on base; Cincinnati 5 - Philadelphia 0 |
TOP OF THE 6TH |
Cincinnati Reds batting - Pitching for Philadelphia Phillies : RHP Tony Villa
|
Batting: RHB Johnny Bench
|
0-0: Ball 1-0: Ground out 6-3 (Groundball, 6, EV 88.8 MPH)
|
Batting: LHB Darrell Evans
|
0-0: Ball 1-0: Called Strike 1-1: Ball 2-1: Foul Ball, location: 2F 2-2: Ball 3-2: Base on Balls
|
Batting: LHB Joseph Talley
|
0-0: Called Strike 0-1: Ball 1-1: Ball 2-1: Foul Ball, location: 2F 2-2: Ball 3-2: Strikes out swinging
|
Batting: RHB Ramon Borrero
|
0-0: Ball 1-0: Ground out 6-3 (Groundball, 6S, EV 69.4 MPH)
|
Top of the 6th over - 0 runs, 0 hits, 0 errors, 1 left on base; Cincinnati 5 - Philadelphia 0 |
BOTTOM OF THE 6TH |
Philadelphia Phillies batting - Pitching for Cincinnati Reds : LHP Pat Underwood
|
Batting: RHB Tony Villa
|
0-0: Ball 1-0: Foul Ball, location: 2F 1-1: Ball 2-1: Swinging Strike 2-2: Foul Ball, location: 2F 2-2: Strikes out swinging
|
Batting: RHB Andy Ramirez
|
0-0: Called Strike 0-1: Ball 1-1: Called Strike 1-2: Ball 2-2: Ball 3-2: DOUBLE (Line Drive, 7LS, EV 93.8 MPH)
|
Batting: RHB Paul Molitor
|
0-0: Called Strike 0-1: Ball 1-1: Fly out, F4 (Flyball, 4D, EV 85.6 MPH)
|
Batting: LHB Tony Gwynn
|
0-0: Foul Ball, location: 2F 0-1: Ball 1-1: Fly out, F8 (Flyball, 8RM, EV 95.0 MPH)
|
Bottom of the 6th over - 0 runs, 1 hit, 0 errors, 1 left on base; Cincinnati 5 - Philadelphia 0 |
TOP OF THE 7TH |
Cincinnati Reds batting - Pitching for Philadelphia Phillies : RHP Tony Villa
|
Pinch Hitting: LHB Scott Radloff
|
0-0: Foul Ball, location: 2F 0-1: Ground out U3 (Groundball, 34, EV 105.0 MPH)
|
Pinch Hitting: LHB Jim Bennett
|
0-0: Ball 1-0: Called Strike 1-1: Ball 2-1: Called Strike 2-2: Foul Ball, location: 2F 2-2: Ball 3-2: SOLO HOME RUN (Flyball, 9D, EV 103.8 MPH), Distance : 423 ft
|
Pinch Hitting: SHB Mark T McLemore
|
0-0: Ball 1-0: Ball 2-0: Foul Ball, location: 2F 2-1: Ground out 4-3 (Groundball, 4, EV 98.1 MPH)
|
Pinch Hitting: LHB Roberto Ruiz
|
0-0: Ball 1-0: Foul Ball, location: 2F 1-1: Fly out, F6 (Flyball, 5D, EV 83.8 MPH)
|
Top of the 7th over - 1 run, 1 hit, 0 errors, 0 left on base; Cincinnati 6 - Philadelphia 0 |
BOTTOM OF THE 7TH |
Philadelphia Phillies batting - Pitching for Cincinnati Reds : LHP Pat Underwood
|
Pitching: LHP Al Hrabosky
|
|
Now at 2B: Mark T McLemore
|
|
Now in CF: Roberto Ruiz
|
|
Now in RF: Jim Bennett
|
|
Batting: LHB Ken Phelps
|
0-0: Called Strike 0-1: Swinging Strike 0-2: Ball 1-2: Foul Ball, location: 2F 1-2: Ball 2-2: Ball 3-2: Ground out 5-3 (Groundball, 56, EV 91.3 MPH)
|
Batting: LHB Ty Gainey
|
0-0: Foul Ball, location: 2F 0-1: Ball 1-1: Ball 2-1: Ground out 6-3 (Groundball, 6, EV 102.5 MPH)
|
Batting: RHB Jody Davis
|
0-0: Ball 1-0: Swinging Strike 1-1: Ball 2-1: Foul Ball, location: 2F 2-2: Ground out 5-3 (Groundball, 56, EV 106.3 MPH)
|
Bottom of the 7th over - 0 runs, 0 hits, 0 errors, 0 left on base; Cincinnati 6 - Philadelphia 0 |
TOP OF THE 8TH |
Cincinnati Reds batting - Pitching for Philadelphia Phillies : RHP Tony Villa
|
Pinch Hitting: LHB Kevin Schoendienst
|
0-0: SINGLE (Groundball, 3S, EV 72.5 MPH) (infield hit)
|
Pitching: RHP George Frazier
|
|
Batting: RHB Johnny Bench
|
0-0: Ball 1-0: SINGLE (Line Drive, 78S, EV 100.0 MPH) Kevin Schoendienst to second Runner from 2nd tries for 3rd, SAFE, no throw by LF
|
Pinch Hitting: RHB Marco Mosquera
|
0-0: Foul Ball, location: 2F 0-1: Ball 1-1: SINGLE (Line Drive, 4D, EV 95.0 MPH) Kevin Schoendienst scores Johnny Bench to second Runner from 2nd tries for 3rd, SAFE, no throw by CF
|
Pinch Hitting: LHB Michael Wishnevski
|
0-0: Called Strike 0-1: Ball 1-1: Ball 2-1: Foul Ball, location: 2F 2-2: Strikes out looking
|
Pinch Hitting: RHB John Damon
|
0-0: Foul Ball, location: 2F 0-1: Foul Ball, location: 2F 0-2: SINGLE (Groundball, 34D, EV 101.9 MPH) Johnny Bench scores Marco Mosquera to second
|
Batting: RHB Al Hrabosky
|
0-0: Bunt missed! 0-1: Bunted foul 0-2: Sac Bunt to 3S - play at third, runner OUT! 3-5 John Damon to second
|
Batting: LHB Jim Bennett
|
0-0: Called Strike 0-1: Ball 1-1: Swinging Strike 1-2: Ball 2-2: Fielders Choice at 2nd, 6-4 (Groundball, 6, EV 78.8 MPH)
|
Top of the 8th over - 2 runs, 4 hits, 0 errors, 2 left on base; Cincinnati 8 - Philadelphia 0 |
BOTTOM OF THE 8TH |
Philadelphia Phillies batting - Pitching for Cincinnati Reds : LHP Al Hrabosky
|
Now at 1B: Marco Mosquera
|
|
Now at 3B: Kevin Schoendienst
|
|
Now at SS: John Damon
|
|
Now in LF: Michael Wishnevski
|
|
Batting: RHB Dan Thomas
|
0-0: Foul Ball, location: 2F 0-1: Ball 1-1: Ball 2-1: Ground out 6-3 (Groundball, 6, EV 90.0 MPH)
|
Pinch Hitting: RHB Derrell Baker
|
0-0: Ball 1-0: Foul Ball, location: 2F 1-1: Foul Ball, location: 2F 1-2: Ground out 1-3 (Groundball, 23, EV 56.9 MPH)
|
Batting: RHB George Frazier
|
0-0: Foul Ball, location: 2F 0-1: Ball 1-1: Foul Ball, location: 2F 1-2: Foul Ball, location: 2F 1-2: Foul Ball, location: 2F 1-2: Foul Ball, location: 2F 1-2: Strikes out swinging
|
Bottom of the 8th over - 0 runs, 0 hits, 0 errors, 0 left on base; Cincinnati 8 - Philadelphia 0 |
TOP OF THE 9TH |
Cincinnati Reds batting - Pitching for Philadelphia Phillies : RHP George Frazier
|
Now in CF: Derrell Baker
|
|
Batting: SHB Mark T McLemore
|
0-0: Foul Ball, location: 2F 0-1: Ball 1-1: Ball 2-1: SINGLE (Flyball, 7S, EV 92.5 MPH)
|
Batting: LHB Roberto Ruiz
|
0-0: Ball 1-0: Foul Ball, location: 2F 1-1: Called Strike 1-2: Foul Ball, location: 2F 1-2: Foul Ball, location: 2F 1-2: Grounds into double play, 6-4-3 (Groundball, 56, EV 91.3 MPH)
|
Batting: LHB Kevin Schoendienst
|
0-0: Fly out, F8 (Flyball, 8RD, EV 75.6 MPH)
|
Top of the 9th over - 0 runs, 1 hit, 0 errors, 0 left on base; Cincinnati 8 - Philadelphia 0 |
BOTTOM OF THE 9TH |
Philadelphia Phillies batting - Pitching for Cincinnati Reds : LHP Al Hrabosky
|
Pinch Hitting: LHB Terry Lee
|
0-0: Ball 1-0: Foul Ball, location: 2F 1-1: Ball 2-1: Swinging Strike 2-2: Foul Ball, location: 2F 2-2: Strikes out swinging
|
Pinch Hitting: RHB Ivan de Jesus
|
0-0: Ball 1-0: Fly out, F3 (Line Drive, 3, EV 64.4 MPH)
|
Pinch Hitting: LHB James Peters
|
0-0: Ball 1-0: Ball 2-0: Ball 3-0: Called Strike 3-1: Called Strike 3-2: Ground out 6-3 (Groundball, 6S, EV 81.9 MPH)
|
Bottom of the 9th over - 0 runs, 0 hits, 0 errors, 0 left on base; Cincinnati 8 - Philadelphia 0 |
|